 Dungeon Sprint DCSS version 0.28-a0-1594-ga885d4b3d6 (webtiles) character file.

Game seed: 13671674003502142599

854 innerfire433 the Basher (level 7, -1/67 HPs)
             Began as a Demonspawn Chaos Knight on Jan 20, 2022.
             Was a Plaything of Xom.
             Slain by a deep troll (16 damage)
             ... in the Dungeon (Sprint I: "Red Sonja").
             The game lasted 00:02:44 (635 turns).

innerfire433 the Basher (Demonspawn Chaos Knight)    Turns: 635, Time: 00:02:46

Health: -1/67      AC:  7    Str: 14    XL:     7   Next: 70%
Magic:  6/6        EV: 12    Int: 14    God:    Xom [....*.]
Gold:   21         SH:  0    Dex: 12    Spells: 6/6 levels left

rFire   + . .      SeeInvis .   a - +0 mace (chaos)
rCold   + . .      Faith    .   (no shield)
rNeg    . . .      Spirit   .   b - +2 leather armour
rPois   .          Reflect  .   (no helmet)
rElec   .          Harm     .   c - scarf {rC+ rF+}
rCorr   .          Rampage  .   (no gloves)
Will    .....      NoTele   +   (no boots)
Stlth   +.........              (no amulet)
HPRegen 0.21/turn               (no ring)
MPRegen 0.10/turn               (no ring)

@: no status effects
A: slimy green scales 1, spiny 3, deterioration 1, low mp 1
a: Renounce Religion


You were in the Dungeon.
You worshipped Xom.
You were a beloved toy of Xom.
You visited 1 branch You collected 405 gold pieces.
You spent 384 gold pieces at shops.

Inventory:

Hand Weapons
 a - a +0 mace of chaos (weapon)
Armour
 b - a +2 leather armour (worn)
 c - a scarf of resistance (worn)
 j - a +0 cloak
Wands
 g - a wand of flame (8)
Scrolls
 h - a scroll of blinking
 k - a scroll of identify {unknown}
 l - a scroll of amnesia {unknown}
 n - a scroll of immolation {unknown}
Potions
 d - a potion of heal wounds
 e - a potion of haste
 f - 2 potions of magic
 i - 2 potions of mutation {unknown}
 m - a potion of might {unknown}


   Skills:
 + Level 10.7 Fighting
 * Level 11.3 Maces & Flails
 - Level 5.3 Armour
 - Level 2.3 Dodging
 - Level 1.5 Stealth


You had 6 spell levels left.
You didn't know any spells.
Your spell library was empty.

Dungeon Overview and Level Annotations

Branches:
Dungeon (1/1)

Altars:
Cheibriados
Dithmenos
Elyvilon
Fedhas
Gozag
Hepliaklqana
Kikubaaqudgha
Nemelex Xobeh
Okawaru
Qazlal
Ru
Sif Muna
Trog
Uskayaw
Vehumet
Wu Jian
Yredelemnul
Zin
The Shining One

Shops:
D **


Innate Abilities, Weirdness & Mutations

You are partially covered in slimy green scales. (AC +2)
You are completely covered in sharp spines.
Your body sometimes deteriorates upon taking damage.
Your magical capacity is low. (-10% MP)


Message History

c - a scarf of resistance Thank you for shopping at Ellaijoq's Assorted Antiques!
You start removing your armour.
You continue taking off your +0 cloak. x4
You finish taking off your +0 cloak.
You start putting on your armour.
You continue putting on your scarf of resistance. x5
You finish putting on your scarf of resistance.
You feel resistant to extremes of temperature.
There is an open door here.
You open the door.
Found a war axe.
There is an open door, spattered with blood here.
Things that are here:
a +1 dagger of venom; 2 curare-tipped darts You open the door.
There is an open door here.
Found Tierchaag's General Store.
There is an entrance to Tierchaag's General Store here.
There is an open door here.
As you open the door, it creaks loudly!
A deep troll comes into view.
The deep troll shouts!
Found 108 gold pieces.
There is an open door here.
You hit the deep troll.
The deep troll is lightly wounded.
The deep troll barely misses you. The deep troll claws you!
The deep troll barely misses you.
You hit the deep troll but do no damage.
The deep troll is lightly wounded.
The deep troll is struck by your spines.
The deep troll bites you! The deep troll claws you!
The deep troll closely misses you.
You barely miss the deep troll.
The deep troll is lightly wounded.
The deep troll bites you. The deep troll claws you!
* * * LOW HITPOINT WARNING * * *
The deep troll claws you!
You die...
Xom giggles madly!

#..#####'#####'#
#..####..#...#.#
#..#__####..##(#
#..#_____##'#_.+
#⌠⌠#_.∩...'..._#
####_..__##_.#'#
#_____###)#)#
############.####+###
#∩........'...@T$.$$+
###++++####...#######
##.## #+#


You could see a deep troll.

Vanquished Creatures
  Sigmund (D)
  A yak (D)
  An ogre (D)
  A jelly (D)
  Ijyb (D)
5 creatures vanquished.

Vanquished Creatures (others)
  Sonja (D)
1 creature vanquished.

Grand Total: 6 creatures vanquished

Notes
Turn   | Place    | Note
-------+----------+-------------------------------------------
     0 | D        | innerfire433 the Demonspawn Chaos Knight began the quest
                  | for the Orb.
     0 | D        | Reached XP level 1. HP: 18/18 MP: 1/1
     2 | D        | Noticed Ijyb
    12 | D        | Killed Ijyb
    13 | D        | Reached skill level 4 in Maces & Flails
    13 | D        | Reached skill level 1 in Dodging
    13 | D        | Gained mutation: You are partially covered in sharp spines.
                  | [demonic ancestry]
    13 | D        | Reached XP level 2. HP: 14/26 MP: 2/2
   103 | D        | XOM: silly message
   212 | D        | Noticed an ogre
   215 | D        | Killed an ogre
   216 | D        | Reached skill level 6 in Maces & Flails
   216 | D        | Reached XP level 3. HP: 35/35 MP: 3/3
   216 | D        | Gained mutation: You are partially covered in slimy green
                  | scales. (AC +2) [demonic ancestry]
   216 | D        | Reached XP level 4. HP: 41/41 MP: 4/4
   229 | D        | Noticed Sigmund
   241 | D        | Killed Sigmund
   242 | D        | Reached skill level 7 in Maces & Flails
   242 | D        | Reached skill level 1 in Stealth
   242 | D        | Gained mutation: You are mostly covered in sharp spines.
                  | [demonic ancestry]
   242 | D        | Reached XP level 5. HP: 25/49 MP: 5/5
   403 | D        | Found an ornate altar of the Wu Jian Council.
   403 | D        | Found a shimmering blue altar of Sif Muna.
   405 | D        | Found a radiant altar of Vehumet.
   412 | D        | Reached skill level 8 in Maces & Flails
   412 | D        | Gained mutation: You are completely covered in sharp
                  | spines. [demonic ancestry]
   412 | D        | Reached XP level 6. HP: 57/57 MP: 6/6
   423 | D        | Found Ellaijoq's Assorted Antiques.
   423 | D        | Found an ancient bone altar of Kikubaaqudgha.
   423 | D        | Found a hazy altar of Hepliaklqana.
   423 | D        | Found a stormy altar of Qazlal.
   423 | D        | Found a hide-covered altar of Uskayaw.
   423 | D        | Found a blossoming altar of Fedhas.
   423 | D        | Found a bloodstained altar of Trog.
   423 | D        | Found an iron altar of Okawaru.
   423 | D        | Found a basalt altar of Yredelemnul.
   423 | D        | Found a snail-covered altar of Cheibriados.
   423 | D        | Found a sacrificial altar of Ru.
   423 | D        | Found a shadowy altar of Dithmenos.
   423 | D        | Noticed a yak
   424 | D        | Found an opulent altar of Gozag.
   424 | D        | XOM: give mutations
   424 | D        | Gained mutation: Your magical capacity is low. (-10% MP)
                  | [Xom's mischief]
   424 | D        | Gained mutation: Armour fits poorly on your strangely
                  | shaped body. [Xom's mischief]
   424 | D        | Gained mutation: Your body sometimes deteriorates upon
                  | taking damage. [Xom's mischief]
   424 | D        | Lost mutation: Armour fits poorly on your strangely shaped
                  | body. [Xom's mischief]
   431 | D        | Killed a yak
   432 | D        | Reached skill level 9 in Maces & Flails
   432 | D        | Reached skill level 5 in Armour
   432 | D        | Found a sparkling altar of Nemelex Xobeh.
   436 | D        | Bought a scroll labelled DAYNGY ALAACICH for 30 gold pieces
   436 | D        | Bought a scroll labelled DOMNACL WIGUPT for 30 gold pieces
   436 | D        | Bought a black potion for 27 gold pieces
   436 | D        | Bought a murky amethyst potion for 27 gold pieces
   436 | D        | Bought a scroll labelled UMUFUH WAM TAG for 30 gold pieces
   471 | D        | Noticed Sonja
   475 | D        | Killed Sonja
   475 | D        | XOM: divine lightning
   476 | D        | Reached skill level 10 in Fighting
   476 | D        | Reached skill level 11 in Maces & Flails
   476 | D        | Reached XP level 7. HP: 31/67 MP: 6/6
   502 | D        | Bought a glowing scarf for 240 gold pieces
   611 | D        | Found Tierchaag's General Store.
   631 | D        | Noticed a deep troll
   635 | D        | Slain by a deep troll

Illustrated notes

Levels and vault maps discovered:
D:        dungeon_sprint_1 [red_sonja_temple_1, red_sonja_temple_small_1]

Skill      XL: |  1  2  3  4  5  6 |
---------------+-------------------+-----
Fighting       | 4 6 8 10 | 10.7
Maces & Flails | 4 6 7 8 11 | 11.3
Armour         | 2 3 4 5 |  5.3
Dodging        | 1 2 |  2.3
Stealth        | 1 |  1.5

Action                   |  1- 3 |  4- 6 |  7- 9 || total
-------------------------+-------+-------+-------++-------
Melee: Mace              |    10 |    23 |     3 ||    36
       Punch             |       |     1 |       ||     1
Evoke: Wand              |     1 |     1 |       ||     2
  Use: Potion            |     1 |       |     1 ||     2
Armor: Leather armour    |     1 |     7 |       ||     8
Dodge: Dodged            |     4 |     5 |     3 ||    12

Table legend: (Time is in decaauts)
 A = Elapsed time spent in this place.
 B = Non-inter-level travel time spent in this place.
 C = Inter-level travel time spent in this place.
 D = Time resting spent in this place.
 E = Time spent auto-exploring this place.
 F = Levels seen in this place.
 G = Mean time per level.
                   A        B        C        D        E       F      G
               +--------+--------+--------+--------+--------+-----+--------+
         Total |    640 |    640 |      0 |      0 |    436 |   1 |  640.0 |
       Dungeon |    640 |    640 |      0 |      0 |    436 |   1 |  640.0 |
               +--------+--------+--------+--------+--------+-----+--------+

Top non-repeatable levels by time:
       D: 640 daAuts
